 Dungeon Crawl Stone Soup version 0.28-a0-657-g71136c5590 (webtiles) character file.

Game seed: 1748737242903235484

34305 Johnny the Frost Mage (level 13, -16/119 HPs)
             Began as a White Draconian Ice Elementalist on Oct 13, 2021.
             Was an Elder of Sif Muna.
             Killed from afar by a hell hog (30 damage)
             ... with a fireball
             ... on level 3 of the Abyss.
             The game lasted 00:19:59 (17593 turns).

Johnny the Frost Mage (DrIE)                       Turns: 17593, Time: 00:19:59

Health: -16/119    AC: 16    Str: 11    XL:     13   Next: 41%
Magic:  20/28      EV: 16    Int: 20    God:    Sif Muna [****..]
Gold:   714        SH:  6    Dex: 12    Spells: 18/34 levels left

rFire   . . .      SeeInvis .   c - staff of cold
rCold   + + .      Faith    .   T - +0 buckler
rNeg    . . .      Spirit   .   (armour unavailable)
rPois   +          Reflect  .   (helmet restricted)
rElec   .          Harm     +   Q - +0 cloak
rCorr   +          Rampage  .   d - +4 pair of gloves of Mesk {Harm rPois rCorr}
Will    .....                   P - +1 pair of boots
Stlth   ++........              (no amulet)
HPRegen 0.29/turn               p - +4 ring of evasion
MPRegen 0.21/turn               t - ring of wizardry

@: about to teleport
A: breathe frost, AC +8, unfitting armour, cold resistance 1, cold-blooded
a: Breathe Frost, Renounce Religion, Channel Magic, Forget Spell, Divine
Exegesis


You were on level 3 of the Abyss.
You worshipped Sif Muna.
Sif Muna was greatly pleased with you.
You visited 1 branch of the dungeon, and saw 14 of its levels.
You visited the Abyss 1 time.

You collected 934 gold pieces.
You spent 220 gold pieces at shops.

Inventory:

Hand Weapons
 g - a +3 flail of protection
Missiles
 v - 2 throwing nets
Armour
 d - the +4 pair of gloves of Mesk (worn) {Harm rPois rCorr}
   (You found it on level 9 of the Dungeon)

   rPois:     It protects you from poison.
   rCorr:     It protects you from acid and corrosion.
   Harm:      It increases damage dealt and taken.
 h - a scarf of harm
 z - a +0 kite shield
 P - a +1 pair of boots (worn)
 Q - a +0 cloak (worn)
 T - a +0 buckler (worn)
Magical Staves
 c - a staff of cold (weapon)
 D - a staff of air
 G - a staff of poison
Jewellery
 p - a +4 ring of evasion (left hand)
 t - a ring of wizardry (right hand)
 E - a +6 ring of intelligence
 F - an amulet of guardian spirit
 M - a ring of resist corrosion
 S - a ring of positive energy
Wands
 w - a wand of polymorph (18)
 H - a wand of iceblast (11)
 I - a wand of paralysis (8)
 N - a wand of acid (12)
Scrolls
 a - 2 scrolls of amnesia
 b - 2 scrolls of blinking
 j - a scroll of silence
 l - 3 scrolls of fear
 m - 2 scrolls of magic mapping
 q - 3 scrolls of teleportation
 u - 2 scrolls of noise
 y - 2 scrolls of immolation
 C - 3 scrolls of enchant armour
 O - a scroll of summoning
 R - a scroll of enchant weapon
Potions
 e - 8 potions of curing
 f - a potion of attraction
 i - 4 potions of heal wounds
 k - 2 potions of berserk rage
 n - 2 potions of brilliance
 o - 3 potions of lignification
 r - 2 potions of resistance {unknown}
 s - a potion of haste {unknown}
 x - 2 potions of flight
 A - a potion of degeneration {unknown}
 B - a potion of magic {unknown}
 J - 2 potions of might {unknown}
 K - a potion of mutation {unknown}
 L - a potion of cancellation {unknown}


   Skills:
 + Level 12.7 Fighting
 - Level 1.7 Dodging
 - Level 1.7 Stealth
 + Level 8.3 Shields
 + Level 11.0 Spellcasting
 + Level 14.6 Ice Magic
 + Level 9.1 Invocations


You had 18 spell levels left.
You knew the following spells:

 Your Spells              Type           Power      Damage    Failure   Level
a - Freeze                Ice            100%       1d11      0%          1
b - Frozen Ramparts       Ice            100%       1d12      1%          3
c - Ozocubu's Armour      Ice            81%        N/A       1%          3
d - Freezing Cloud        Conj/Ice/Air   22%        6-21      10%         5
f - Hailstorm             Conj/Ice       57%        3d12      1%          4

Your spell library contained the following spells:

 Spells                   Type           Power      Damage    Failure   Level
 Ice Form                 Ice/Tmut       57%        N/A       1%          4
 Summon Ice Beast         Ice/Summ       57%        N/A       1%          4
 Animate Skeleton         Necr           22%        N/A       2%          1
 Foxfire                  Conj/Fire      44%        2x1d6     2%          1
 Magic Dart               Conj           44%        1d5       2%          1
 Pain                     Necr           44%        1d6       2%          1
 Passwall                 Tmut/Erth      9%         N/A       4%          2
 Slow                     Hex            11%        N/A       4%          2
 Sublimation of Blood     Necr           5%         N/A       4%          2
 Wereblood                Tmut           11%        N/A       4%          2
 Confusing Touch          Hex            11%        N/A       8%          3
 Conjure Flame            Conj/Fire      11%        6-21      8%          3
 Dazzling Flash           Conj/Hex       22%        N/A       8%          3
 Inner Flame              Hex/Fire       11%        N/A       8%          3
 Swiftness                Air            11%        N/A       8%          3
 Vampiric Draining        Necr           5%         2d6       8%          3
 Simulacrum               Ice/Necr       28%        N/A       19%         6
 Animate Dead             Necr           5%         N/A       24%         4
 Cause Fear               Hex            5%         N/A       24%         4
 Flame Wave               Conj/Fire      11%        3d4       24%         4
 Agony                    Necr           11%        N/A       52%         5
 Borgnjor's Vile Clutch   Necr/Erth      5%         N/A       52%         5
 Silence                  Hex/Air        5%         N/A       52%         5
 Death Channel            Necr           5%         N/A       97%         6
 Invisibility             Hex            5%         N/A       97%         6
 Polar Vortex             Ice            40%        N/A       99%         9
 Summon Hydra             Summ           5%         N/A       100%        7
 Discord                  Hex            5%         N/A       100%        8


Dungeon Overview and Level Annotations

Branches:
Dungeon (14/15)            Temple (0/1) D:4            Lair (0/6) D:11
    Orc (0/2) D:12         Vaults (0/5) D:13

Altars:
Gozag
Kikubaaqudgha
Makhleb
Ru
Sif Muna
Uskayaw
Vehumet
Yredelemnul
Zin
The Shining One

Shops:
D:1 :   D:5 (   D:6 [!   D:10 *   D:13 *

Annotations:
D:13 2 transporters, Ginteh's ghost, journeyman OpVM; KristoblXynda's ghost, journeyman DrGl


Innate Abilities, Weirdness & Mutations

You can breathe waves of freezing cold which knock back foes.
Your icy white scales are hard. (AC +8)
You cannot fit into any form of body armour.
Your flesh is cold resistant. (rC+)
You are cold-blooded and may be slowed by cold attacks.


Message History

The fireball engulfs the ufetubus!!!
The ufetubus is burned terribly!
The ufetubus dies!
The ufetubus disappears in a puff of smoke!
The fireball engulfs the hell hog.
The hell hog completely resists.
The hell hog closely misses you.
You hear a shout!
A hell hog comes into view.
The hell hog squeals angrily.
The hell hog misses you.
You hit the hell hog. You tail-slap the hell hog.
The hell hog is lightly wounded.
The hell hog breathes fire at you.
The fireball explodes!
The fireball engulfs you!!!
The fireball engulfs the ufetubus!!!
The ufetubus is burned terribly!
The ufetubus dies!
The ufetubus disappears in a puff of smoke!
The fireball engulfs the hell hog.
The hell hog completely resists.
The fireball engulfs the hell hog.
The hell hog completely resists.
The fireball engulfs the hell hog.
The hell hog completely resists.
The hell hog misses you. The hell hog bites you.
You block the hell hog's attack. The hell hog misses you.
The ufetubus disappears in a puff of smoke!
The hell hog breathes fire at you.
The fireball explodes!
The fireball engulfs you!!
* * * LOW HITPOINT WARNING * * *
Unknown command.
You feel much better. The hell hog bites you!
* * * LOW HITPOINT WARNING * * *
The hell hog bites you.
* * * LOW HITPOINT WARNING * * *
The ufetubus hits you but does no damage.
The ufetubus closely misses you.
The ynoxinul gestures.
The hell hog breathes fire at you.
The fireball explodes!
The fireball engulfs the ufetubus!!!
The ufetubus is burned terribly!
The ufetubus dies!
The ufetubus disappears in a puff of smoke!
The fireball engulfs the hell hog.
The hell hog completely resists.
The fireball engulfs you!!
You die...

..##...#.#.##.#..#≈
.... ..5. ...#. .
###
.......35##..#..#.#
.≈♣
.......#....##...#.
.≈#. ......x###.
#...≈.≈≈..≈#
......5.#.
#.#.≈##..#. ....
.#5.####..≈...#.#
..##.
.##5##≈≈§§§.#..#. ..
(... ≈#≈.3h§@..#
........#≈#..5.hh#.#
......#.###≈5.#.###
.....≈.##≈.#≈≈.#..#
....≈≈≈#≈≈#...##.#..
.≈ ≈ #.....§ #..# .
. ..#.##.. ##. .#
≈.... ... . .. #
.... #...# ##


You could see 3 hell hogs, a ynoxinul and 2 ufetubi.

Vanquished Creatures
  Snorg (D:11)
  3 hydras
  3 centaur warriors (D:13)
  A vault guard (D:13)
  4 two-headed ogres
  The ghost of paps the Unseen, a journeyman OpGl of Gozag (D:10)
  A wizard (D:13)
  4 necromancers (D:13)
  10 ugly things
  2 manticores
  2 cyclopes
  An unseen horror (D:11)
  3 gargoyles (D:12)
  2 komodo dragons
  2 tengu conjurers (D:14)
  4 trolls
  A hornet (D:9)
  Grinder (D:3)
  21 slime creatures
  Prince Ribbit (D:6)
  3 spriggans (D:10)
  8 yaks
  A golden eye (shapeshifter) (D:13)
  17 humans (D:13)
  2 fire elementals (D:12)
  4 vampire mosquitoes (D:12)
  2 steam dragons
  An acid dragon (D:12)
  A water moccasin (D:8)
  2 black bears (D:5)
  7 orc warriors
  2 ice beasts (D:7)
  An ogre (D:6)
  A wolf (D:10)
  13 centaurs
  3 kobold brigands
  4 bullfrogs
  A gnoll sergeant (D:7)
  3 scorpions
  2 water moccasin skeletons (D:5)
  14 killer bees
  13 wights (D:7)
  2 howler monkeys (D:11)
  4 centaur zombies
  4 hounds
  2 jellies
  4 orc priests
  2 bullfrog skeletons
  3 gnoll shamans
  An iguana (D:4)
  Natasha (thrice) (D:2)
  9 orc wizards
  A hound zombie (D:5)
  5 hound skeletons
  A howler monkey zombie (D:7)
  5 adders
  24 gnolls
  A shadow imp (D:6)
  2 white imps
  2 worms (D:3)
  A dart slug (D:2)
  15 orcs
  7 endoplasms
  A giant cockroach (D:1)
  7 hobgoblins
  2 quokkas
  7 ball pythons
  3 bats
  5 frilled lizards
  7 goblins
  16 kobolds
  2 rats (D:2)
321 creatures vanquished.

Vanquished Creatures (others)
  20 plants
20 creatures vanquished.

Grand Total: 341 creatures vanquished

Notes
Turn   | Place    | Note
-------+----------+-------------------------------------------
     0 | D:1      | Johnny the Draconian Ice Elementalist began the quest for
                  | the Orb.
     0 | D:1      | Reached XP level 1. HP: 14/14 MP: 3/3
    18 | D:1      | Found a faded altar of an unknown god.
   101 | D:1      | Found Quudekh's Book Shop.
   309 | D:1      | Reached XP level 2. HP: 21/22 MP: 5/5
   331 | D:1      | Reached skill level 1 in Fighting
   684 | D:2      | Noticed Natasha
   687 | D:2      | Noticed a crimson imp
   689 | D:2      | Reached XP level 3. HP: 24/28 MP: 6/6
   704 | D:2      | Killed Natasha
   772 | D:2      | Noticed Natasha
   964 | D:2      | Killed Natasha
   965 | D:2      | Reached XP level 4. HP: 26/36 MP: 3/8
  1079 | D:2      | Learned a level 3 spell: Frozen Ramparts
  1083 | D:2      | Learned a level 3 spell: Ozocubu's Armour
  1120 | D:2      | Noticed Natasha
  1127 | D:2      | Killed Natasha
  1334 | D:2      | Reached XP level 5. HP: 17/44 MP: 0/9
  1338 | D:2      | Reached skill level 5 in Ice Magic
  2094 | D:3      | Noticed Grinder
  2486 | D:3      | Killed Grinder
  2487 | D:3      | Reached XP level 6. HP: 26/52 MP: 2/12
  2993 | D:4      | Found a radiant altar of Vehumet.
  2998 | D:4      | Got Vehumet's Catalogue of Damage Dealing
  3000 | D:4      | Found an ancient bone altar of Kikubaaqudgha.
  3001 | D:4      | Found a shimmering blue altar of Sif Muna.
  3006 | D:4      | Became a worshipper of Sif Muna the Loreminder
  3012 | D:4      | Learned a level 4 spell: Hailstorm
  3131 | D:4      | Your scales start taking on an icy white colour.
  3131 | D:4      | Reached skill level 7 in Ice Magic
  3131 | D:4      | Reached XP level 7. HP: 47/60 MP: 6/13
  3131 | D:4      | Gained mutation: Your flesh is cold resistant. (rC+) [White
                  | Draconian growth]
  3234 | D:4      | Found a staircase to the Ecumenical Temple.
  3382 | D:4      | Found a glowing golden altar of the Shining One.
  3387 | D:4      | Found a sacrificial altar of Ru.
  3387 | D:4      | Found a burning altar of Makhleb.
  3927 | D:5      | Entered Level 5 of the Dungeon
  3937 | D:5      | Reached skill level 5 in Fighting
  3969 | D:5      | Reached skill level 5 in Spellcasting
  4068 | D:5      | Reached skill level 8 in Ice Magic
  4075 | D:5      | Reached * piety under Sif Muna
  4076 | D:5      | Reached XP level 8. HP: 70/70 MP: 11/15
  4103 | D:5      | Found Qixzeum's Antique Weapon Shoppe.
  5370 | D:6      | Noticed Prince Ribbit
  5395 | D:6      | Killed Prince Ribbit
  5396 | D:6      | Reached skill level 9 in Ice Magic
  5507 | D:6      | Reached XP level 9. HP: 27/79 MP: 1/18
  5837 | D:6      | Reached skill level 10 in Ice Magic
  6038 | D:6      | Found Becilul's Antique Armour Emporium.
  6138 | D:6      | Found Letaihet's Distillery.
  6146 | D:6      | Bought a potion of heal wounds for 55 gold pieces
  6146 | D:6      | Bought a potion of curing for 33 gold pieces
  6146 | D:6      | Bought a potion of lignification for 33 gold pieces
  6146 | D:6      | Bought a potion of flight for 33 gold pieces
  6370 | D:7      | Reached ** piety under Sif Muna
  6493 | D:7      | Found a hide-covered altar of Uskayaw.
  7464 | D:7      | Reached skill level 11 in Ice Magic
  7722 | D:7      | Found a glowing silver altar of Zin.
  7723 | D:7      | Found an opulent altar of Gozag.
  7777 | D:8      | Reached XP level 10. HP: 91/91 MP: 16/21
  7925 | D:8      | Found a basalt altar of Yredelemnul.
  8255 | D:8      | Reached skill level 1 in Invocations
  8490 | D:9      | Noticed a two-headed ogre
  8499 | D:9      | Killed a two-headed ogre
  8500 | D:9      | Reached skill level 1 in Shields
  8652 | D:9      | Identified a scroll of acquirement
  8659 | D:9      | Acquired a staff of cold
  9058 | D:9      | Noticed a two-headed ogre
  9072 | D:9      | HP: 1/92 [two-headed ogre (8)]
  9075 | D:9      | Killed a two-headed ogre
  9088 | D:9      | Identified the +4 pair of gloves of Mesk {Harm rPois rCorr}
  9761 | D:9      | Reached *** piety under Sif Muna
  9875 | D:9      | Reached skill level 10 in Fighting
 10038 | D:10     | Entered Level 10 of the Dungeon
 10113 | D:10     | Found a runed translucent door.
 10113 | D:10     | Noticed paps's ghost (journeyman OpGl)
 10115 | D:10     | Identified the +6 spear of Neefele {protect, Will+ Dex+3}
 10205 | D:10     | Reached skill level 12 in Ice Magic
 10380 | D:10     | Learned a level 5 spell: Freezing Cloud
 10450 | D:10     | Noticed a two-headed ogre
 10451 | D:10     | Found Koazam's Assorted Antiques.
 10454 | D:10     | Killed a two-headed ogre
 10455 | D:10     | Reached XP level 11. HP: 91/99 MP: 8/23
 10542 | D:10     | Bought a scroll of identify for 66 gold pieces
 10722 | D:10     | Noticed a two-headed ogre
 10729 | D:10     | Killed a two-headed ogre
 11113 | D:10     | Killed paps's ghost
 11283 | D:11     | Noticed Snorg
 11292 | D:11     | Killed Snorg
 11293 | D:11     | Reached skill level 5 in Invocations
 11921 | D:11     | Reached skill level 5 in Shields
 12016 | D:11     | Noticed a seven-headed hydra
 12028 | D:11     | Killed a seven-headed hydra
 12383 | D:11     | Found a staircase to the Lair.
 12761 | D:12     | Found a staircase to the Orcish Mines.
 13329 | D:12     | Noticed a green ugly thing
 13335 | D:12     | Killed a green ugly thing
 13336 | D:12     | Reached skill level 13 in Ice Magic
 13665 | D:12     | Reached **** piety under Sif Muna
 13898 | D:12     | Reached XP level 12. HP: 108/110 MP: 13/25
 14733 | D:13     | Reached skill level 10 in Spellcasting
 15075 | D:13     | Found a gate to the Vaults.
 15560 | D:13     | Noticed a vault guard
 15562 | D:13     | Noticed a centaur warrior
 15571 | D:13     | Killed a vault guard
 15572 | D:13     | Reached skill level 14 in Ice Magic
 15715 | D:13     | Killed a centaur warrior
 15791 | D:13     | Found Ihi Kisch's Neck Hole.
 15791 | D:13     | Noticed a centaur warrior
 15796 | D:13     | Killed a centaur warrior
 15949 | D:13     | Noticed a centaur warrior
 15953 | D:13     | Killed a centaur warrior
 16182 | D:13     | Reached XP level 13. HP: 118/118 MP: 14/27
 16326 | D:13     | Noticed KristoblXynda's ghost (journeyman DrGl)
 16328 | D:13     | Found a transporter.
 16331 | D:13     | Found a transporter.
 16333 | D:13     | Noticed Ginteh's ghost (journeyman OpVM)
 17555 | D:14     | Cast into level 3 of the Abyss (a wizard)
 17593 | Abyss:3  | Killed from afar by a hell hog

Illustrated notes

Levels and vault maps discovered:
D:1:      zelgadis_glass_arrival_small, layout_rooms,
          ebering_ecumenical_altar_mist, serial_shops, nicolae_diamond_shop
D:2:      layout_rooms, uniq_natasha
D:3:      wad_pebble_path, layout_loops_ring, minmay_misc_feat_diagonals,
          uniq_grinder
D:4:      layout_gridville, grunt_temple_overflow_magic_moments,
          chequers_temple_overflow_statue_of_worship,
          minmay_temple_entry_sparse_star, corner_web_ring
D:5:      layout_rooms, serial_shops, shop_statue
D:6:      layout_gridville, serial_shops, shop, shop, minmay_misc_feat_roman,
          uniq_prince_ribbit1
D:7:      layout_rooms, grunt_temple_overflow_gold_and_silver,
          nicolae_uskayaw_dance_hall, minmay_misc_feat_enclosed
D:8:      layout_cave_pools, mainiacjoe_overflow_cross_hatched
D:9:      layout_loops_ring, enter_bailey_2, minmay_misc_feat_doors
D:10:     layout_gridville, ebering_ghost_funeral_grove, serial_shops,
          shop_statue
D:11:     layout_gridville, david_lair_shrubbed, uniq_snorg
D:12:     layout_stronghold, orc_0_dummy, serial_glass, glass_columns_c,
          glass_columns_a, glass_columns_a, glass_columns_c, glass_columns_a,
          glass_columns_a, glass_columns_c, glass_columns_a, glass_columns_c,
          glass_columns_a, glass_columns_b, glass_columns_b, glass_columns_a,
          glass_columns_b, kennysheep_generic_room_4
D:13:     layout_gridville, grunt_vaults_entry_tiered, nzn_ghost_randoct,
          nicolae_shop_sticking_my_neck_out
D:14:     layout_loops_ring
Abyss:3:  base: D:1, base: Temple, base:
D:2

Skill      XL: |  1  2  3  4  5  6  7  8  9 10 11 12 13 |
---------------+----------------------------------------+-----
Fighting       | 1 2 4 5 7 9 10 11 12 | 12.7
Spellcasting   | 3 4 5 6 7 8 9 10 11 | 11.0
Ice Magic      | 5 7 8 9 11 12 13 14 | 14.6
Invocations    | 4 6 8 9 |  9.1
Shields        | 3 5 7 8 |  8.3
Dodging        | |  1.7
Stealth        | |  1.7

Action                   |  1- 3 |  4- 6 |  7- 9 | 10-12 | 13-15 || total
-------------------------+-------+-------+-------+-------+-------++-------
Melee: Dagger            |    46 |    31 |       |       |       ||    77
       Unarmed           |     6 |       |       |       |       ||     6
       Tailslap          |     3 |    10 |    31 |    22 |     1 ||    67
       Flail             |       |    56 |   235 |    71 |       ||   362
       Staff             |       |       |       |    88 |     2 ||    90
 Cast: Freeze            |     9 |    17 |    42 |    68 |     6 ||   142
       Frozen Ramparts   |       |     6 |    17 |    33 |     2 ||    58
       Ozocubu's Armour  |       |     2 |     7 |    12 |     1 ||    22
       Hailstorm         |       |       |    30 |    49 |    11 ||    90
       Freezing Cloud    |       |       |       |    41 |    15 ||    56
Invok: Channel Magic     |       |       |       |     3 |       ||     3
 Abil: Breathe Frost     |       |       |     6 |     3 |     1 ||    10
Evoke: Wand              |       |       |       |     7 |     3 ||    10
  Use: Potion            |       |     1 |       |     2 |     1 ||     4
       Scroll            |       |       |       |    17 |     2 ||    19
 Stab: Sleeping          |     1 |     3 |     4 |     1 |       ||     9
Armor: Skin              |    18 |    24 |   160 |   158 |     9 ||   369
Dodge: Dodged            |    35 |    63 |   283 |   351 |    19 ||   751
Block: Buckler           |       |       |       |       |     7 ||     7

Table legend: (Time is in decaauts)
 A = Elapsed time spent in this place.
 B = Non-inter-level travel time spent in this place.
 C = Inter-level travel time spent in this place.
 D = Time resting spent in this place.
 E = Time spent auto-exploring this place.
 F = Levels seen in this place.
 G = Mean time per level.
                   A        B        C        D        E       F      G
               +--------+--------+--------+--------+--------+-----+--------+
         Total |  17757 |  17337 |    420 |   3564 |  11127 |  15 | 1183.8 |
       Dungeon |  17719 |  17299 |    420 |   3564 |  11127 |  14 | 1265.6 |
         Abyss |     38 |     38 |      0 |      0 |      0 |   1 |   38.0 |
               +--------+--------+--------+--------+--------+-----+--------+

Top non-repeatable levels by time:
    D:13: 2365 daAuts
    D:12: 1832 daAuts
     D:9: 1563 daAuts
     D:7: 1536 daAuts
     D:6: 1471 daAuts
    D:11: 1450 daAuts
    D:10: 1238 daAuts
     D:3: 1068 daAuts
     D:2: 1058 daAuts
     D:4: 1015 daAuts
     D:5: 898 daAuts
     D:1: 831 daAuts
     D:8: 745 daAuts
    D:14: 643 daAuts
 Abyss:3: 38 daAuts
